 Dungeon Crawl Stone Soup version 0.24.0-1-gfbc8707 (webtiles) character file.

Game seed: 10367924760587784328, levelgen mode: deterministic

280668 Illumine the Blocker (level 20, -17/144 HPs)
             Began as a Gnoll Fighter on Nov 20, 2019.
             Was the Champion of Hepliaklqana.
             Killed from afar by a hellion (32 damage)
             ... with damnation
             ... on level 3 of the Abyss on Nov 22, 2019.
             The game lasted 02:53:28 (44210 turns).

Illumine the Blocker (Gnoll Fighter)               Turns: 44210, Time: 02:53:28

Health: -17/144    AC: 21    Str: 33      XL:     20   Next: 48%
Magic:  33/33      EV: 23    Int: 10 (13) God:    Hepliaklqana [******]
Gold:   2578       SH:  0    Dex: 24      Spells: 28/45 levels left

rFire    x . .     SeeInvis .   I - +8 broad axe of Lituihit {speed, rElec rN+ Str+3}
rCold    + + .     Gourm    .   c - +2 shield
rNeg     + . .     Faith    .   B - +0 ice dragon scales
rPois    .         Spirit   .   (helmet restricted)
rElec    +         Reflect  .   j - +1 cloak
rCorr    .         Harm     .   E - +1 pair of gloves
MR       +....     Rnd*Tele +   p - +0 pair of boots
Stlth    +.........             A - amulet of the acrobat
HPRegen  0.34/turn              d - +6 ring of strength
MPRegen  0.23/turn              G - +6 ring of dexterity

@: confused
A: distributed training, reduced essence, antennae 1, fangs 1, hooves 1, low mp
1, strong 1, teleportitis 1, strong nose
}: 2/15 runes: barnacled, gossamer
a: Recall Ancestor, Ancestor Identity, Transference, Idealise, Renounce Religion


You were on level 3 of the Abyss.
You worshipped Hepliaklqana.
Hepliaklqana was exalted by your worship.
You were hungry.

You visited 8 branches of the dungeon, and saw 36 of its levels.
You visited the Abyss 2 times.
You also visited: Ice Cave.

You collected 3343 gold pieces.
You spent 765 gold pieces at shops.

Inventory:

Hand Weapons
 x - a +3 vampiric battleaxe
 I - the +8 broad axe of Lituihit (weapon) {speed, rElec rN+ Str+3}
   (You bought it in a shop on level 2 of the Orcish Mines)

   Attacks with this weapon are significantly faster.
   It affects your strength (+3).
   It insulates you from electricity.
   It protects you from negative energy.
 X - a +8 antimagic trident
Missiles
 D - a boomerang (quivered)
 K - 4 boomerangs of dispersal
 Z - 24 silver javelins
Armour
 c - a +2 shield (worn)
 j - a +1 cloak (worn)
 p - a +0 pair of boots (worn)
 B - +0 ice dragon scales (worn)
 E - a +1 pair of gloves (worn)
Magical Staves
 F - an uncursed staff of energy
Jewellery
 d - a +6 ring of strength (left hand)
 e - an uncursed amulet of rage
 l - an uncursed ring of protection from cold
 q - an uncursed ring of see invisible
 s - a +3 ring of protection
 z - an uncursed ring of protection from fire
 A - an amulet of the acrobat (around neck)
 C - an uncursed ring of protection from cold
 G - a +6 ring of dexterity (right hand)
 J - an uncursed ring of protection from fire
 Q - an uncursed ring of resist corrosion
 R - an uncursed ring of flight
Wands
 a - a wand of paralysis (10)
 o - a wand of clouds (6)
 t - a wand of acid (9)
 H - a wand of polymorph (16)
 O - a wand of disintegration (20)
 P - a wand of enslavement (11)
 S - a wand of iceblast (7)
 Y - a wand of digging (9)
Scrolls
 g - a scroll of fear
 n - 18 scrolls of remove curse
 u - 6 scrolls of teleportation
 w - a scroll of silence
 L - 2 scrolls of blinking
 M - a scroll of summoning
 T - 5 scrolls of magic mapping
 U - 3 scrolls of holy word
Potions
 b - 5 potions of brilliance
 i - 3 potions of magic
 k - 2 potions of heal wounds
 m - a potion of might
 r - 2 potions of flight
 v - 6 potions of lignification
 N - a potion of curing
 V - 2 potions of ambrosia
Miscellaneous
 h - a lightning rod (4/4)
Comestibles
 f - 21 rations


   Skills:
 + Level 14.4 Fighting
 + Level 13.2 Short Blades
 + Level 13.2 Long Blades
 + Level 13.8 Axes
 + Level 13.2 Maces & Flails
 + Level 13.2 Polearms
 + Level 13.2 Staves
 + Level 13.2 Slings
 + Level 13.2 Bows
 + Level 13.2 Crossbows
 + Level 13.2 Throwing
 + Level 14.4 Armour
 + Level 13.2 Dodging
 + Level 13.2 Stealth
 + Level 14.4 Shields
 + Level 13.2 Unarmed Combat
 + Level 13.2 Spellcasting
 + Level 11.3 Conjurations
 + Level 11.3 Hexes
 + Level 11.3 Charms
 + Level 11.3 Summonings
 + Level 11.3 Necromancy
 + Level 11.3 Translocations
 + Level 11.3 Transmutations
 + Level 11.3 Fire Magic
 + Level 11.3 Ice Magic
 + Level 11.3 Air Magic
 + Level 11.3 Earth Magic
 + Level 11.3 Poison Magic
 + Level 14.2 Invocations
 + Level 13.2 Evocations


You had 28 spell levels left.
You knew the following spells:

 Your Spells              Type           Power        Failure   Level  Hunger
a - Blink                 Tloc           N/A          1%          2    None
b - Conjure Flame         Conj/Fire      ####....     1%          3    #......
c - Mephitic Cloud        Conj/Pois/Air  ####....     1%          3    #......
d - Confuse               Hex            ####....     1%          3    #......
e - Fireball              Conj/Fire      ####......   4%          5    #####..
f - Apportation           Tloc           ####..       1%          1    None

Your spell library contained the following spells:

 Spells                   Type           Power        Failure   Level  Hunger
 Animate Skeleton         Necr           N/A          1%          1    None
 Confusing Touch          Hex            ####..       1%          1    None
 Corona                   Hex            ####...      1%          1    None
 Flame Tongue             Conj/Fire      ####.        1%          1    None
 Freeze                   Ice            ####         1%          1    None
 Magic Dart               Conj           ####         1%          1    None
 Summon Small Mammal      Summ           ####         1%          1    None
 Call Imp                 Summ           ####....     1%          2    None
 Ensorcelled Hibernation  Hex/Ice        ####..       1%          2    None
 Poisonous Vapours        Pois/Air       ####..       1%          2    None
 Shroud of Golubria       Chrm/Tloc      ####..       1%          2    None
 Slow                     Hex            ####....     1%          2    None
 Throw Flame              Conj/Fire      ####..       1%          2    None
 Gell's Gravitas          Tloc           ####......   1%          3    #......
 Inner Flame              Hex/Fire       ####....     1%          3    #......
 Ozocubu's Armour         Chrm/Ice       ####....     1%          3    #......
 Portal Projectile        Hex/Tloc       ####..       1%          3    #......
 Regeneration             Chrm/Necr      ####......   1%          3    #......
 Static Discharge         Conj/Air       ####....     1%          3    #......
 Cause Fear               Hex            ####......   1%          4    ###....
 Leda's Liquefaction      Hex/Erth       ####......   1%          4    ###....
 Petrify                  Tmut/Erth      ####....     1%          4    ###....
 Sticky Flame             Conj/Fire      ####....     1%          4    ###....
 Throw Icicle             Conj/Ice       ####....     1%          4    ###....
 Lightning Bolt           Conj/Air       ####......   4%          5    #####..
 Metabolic Englaciation   Hex/Ice        ####......   4%          5    #####..
 Yara's Violent Unravell  Hex/Tmut       ####......   4%          5    #####..
 Freezing Cloud           Conj/Ice/Air   ####......   26%         6    ######.
 Simulacrum               Ice/Necr       ####......   26%         6    ######.
 Ring of Flames           Chrm/Fire      ####......   83%         7    #######
 Ignition                 Fire           ####......   100%        8    #######
 Shatter                  Erth           ####......   100%        9    #######
 Tornado                  Air            ####......   100%        9    #######


Dungeon Overview and Level Annotations

Branches:
Dungeon (15/15)            Temple (1/1) D:6            Lair (6/6) D:11
 Shoals (4/4) Lair:4       Spider (4/4) Lair:3        Slime (0/5) Lair:5
    Orc (2/2) D:9             Elf (3/3) Orc:2        Vaults (1/5) D:13
 Depths (0/5) D:15          IceCv (visited)

Altars:
Ashenzari
Cheibriados
Dithmenos
Elyvilon
Fedhas
Gozag
Hepliaklqana
Kikubaaqudgha
Makhleb
Nemelex Xobeh
Okawaru
Qazlal
Ru
Sif Muna
Trog
Uskayaw
Vehumet
Wu Jian
Xom
Yredelemnul
Zin
The Shining One
Beogh

Shops:
D:11 ?   Orc:2 !::([

Portals:
Trove: D:12 (give +2 shadow dragon scales)

Annotations:
D:2 1 runed translucent door, Crazy Yiuf
Lair:1 exclusion: 3 oklob plants
Spider:4 Roxanne


Innate Abilities, Weirdness & Mutations

Your experience applies equally to all skills.
You have very sharp teeth.
Your uncanny sense of smell can sniff out nearby items.
Your life essence is reduced to manifest your ancestor. (-10% HP)
You have a pair of small antennae on your head.
You have large cloven feet.
Your magical capacity is low. (-10% MP)
Your muscles are strong. (Str +2)
You are occasionally teleported next to monsters.


Message History

The sphere of damnation explodes!
The damnation engulfs you!!
* * * LOW HITPOINT WARNING * * *
The damnation engulfs the large abomination!!
The large abomination is destroyed!
The damnation engulfs Numeria!!
Numeria casts a spell at the hellion.
The hellion easily resists.
There is a gateway leading out of the Abyss here.
Things that are here:
a +0 helmet; a +1 pair of gloves You are confused.
You feel invigorated. The hellion gestures at you.
The sphere of damnation explodes!
The damnation engulfs you!!
* * * LOW HITPOINT WARNING * * *
The damnation engulfs Numeria!!
Unknown command.
The hellion gestures at you.
The sphere of damnation explodes!
The damnation engulfs you!!
You die...

. . . ..... .
.# . .... #
##... ....##
....# ... ..#
.2#..#
#......####...
. .
.....#..#..#.#
##.
........#R##.
.....#@.#.##
.# #.....#F...
#..##.# ...#
.... ...##
..#.#. .....#.
#..ยง....#.
.#.. .#.###..#
....# #. ....
. ..


You could see the friendly Numeria the hexer and a hellion.

Vanquished Creatures
  Rupert (D:12)
  3 deep elf blademasters (Elf:3)
  2 tentacled starspawn (Abyss:2)
  A frost giant (IceCv)
  A deep elf sorcerer (Elf:1)
  Louise (D:14)
  8 emperor scorpions
  Aizul (Elf:2)
  A very ugly thing (Abyss:2)
  An entropy weaver (Spider:3)
  Azrael (D:14)
  A lorocyproca (Abyss:2)
  3 spark wasps
  The ghost of Irhican the Severer, a journeyman MiBe of Trog (Lair:3)
  A dire elephant (Lair:6)
  The ghost of reativica the Archer, a journeyman CeHu of Fedhas (Spider:2)
  A merfolk javelineer (Shoals:4)
  2 merfolk impalers
  Snorg (Lair:5)
  Josephine (Lair:5)
  Harold (D:7)
  8 hydras
  A catoblepas (Lair:6)
  An ice dragon (Lair:6)
  3 merfolk avatars
  19 death yaks
  5 centaur warriors
  9 two-headed ogres
  6 satyrs
  24 dancing weapons
  2 tengu warriors
  3 orc high priests (Orc:2)
  A deep troll shaman (Lair:6)
  6 thrashing horrors
  Urug (Lair:3)
  Nergalle (D:12)
  13 deep elf knights
  Sonja (Orc:1)
  2 fire crabs (Shoals:3)
  4 wretched stars (Abyss:2)
  2 skeletal warriors
  2 unseen horrors
  3 starcursed masses (Abyss:2)
  A wizard (Elf:1)
  7 deep elf archers
  An ironbrand convoker (D:13)
  8 sea snakes
  8 harpies
  41 deep elf magi
  A necromancer (D:15)
  A wolf spider zombie (D:15)
  Pikel (D:8)
  8 orc knights
  A phantasmal warrior (D:15)
  14 orb spiders
  10 ugly things
  30 wolf spiders
  2 worldbinders (Abyss:3)
  4 orc sorcerers
  18 fauns
  10 manticores
  2 cyclopes
  11 elephants
  Joseph (D:10)
  4 moths of wrath
  5 merfolk sirens
  7 black mambas
  An ice statue (IceCv)
  2 water nymphs
  2 rust devils (Abyss:2)
  3 torpor snails (Spider:2)
  An orange demon (Abyss:2)
  A gargoyle (D:11)
  4 centaur skeletons
  3 kobold demonologists (D:12)
  11 spiny frogs
  4 yaktaurs
  5 komodo dragons
  13 demonic crawlers
  A rime drake (Lair:3)
  2 ancient zymes (Abyss:2)
  A guardian mummy (D:15)
  A catoblepas skeleton (Abyss:2)
  A tengu conjurer (D:13)
  18 merfolk
  4 trolls
  3 wind drakes
  4 hornets
  16 polar bears
  6 meliai
  25 jumping spiders
  10 tyrant leeches (Spider:2)
  2 dream sheep
  9 snapping turtles
  9 raiju (Abyss:2)
  15 hippogriffs
  A slime creature (Lair:5)
  An air elemental (Elf:3)
  An ettin zombie (D:15)
  A fire dragon zombie (D:15)
  A hexer (Abyss:2)
  24 tarantellas
  6 wyverns
  68 redbacks
  2 ynoxinuls (Abyss:2)
  An ettin skeleton (Abyss:2)
  A shadow (D:13)
  6 water elementals
  An elf skeleton (D:15)
  6 wraiths
  Grum (D:8)
  4 fire elementals
  A human (D:8)
  A basilisk (Lair:3)
  59 yaks
  2 chaos spawn (Abyss:2)
  4 fire bats
  A steam dragon (D:11)
  5 vampire mosquitoes
  4 neqoxecs (Abyss:2)
  2 wargs
  2 swamp worms (Spider:2)
  2 acid dragons
  A soldier ant (D:12)
  4 hell hounds (D:14)
  Duvessa (D:7)
  4 porcupines
  5 large abominations
  15 water moccasins
  19 orc warriors
  2 black bears
  12 ice beasts
  A necrophage (D:7)
  2 phantoms
  3 sky beasts
  2 boggarts (Elf:1)
  5 ogres
  A snapping turtle skeleton (Abyss:2)
  17 wolves
  8 centaurs
  An eye of draining (D:15)
  8 crocodiles
  2 big kobolds
  12 bullfrogs
  4 earth elementals
  A wyvern skeleton (D:14)
  7 scorpions
  Dowan (D:7)
  9 small abominations
  11 killer bees
  A water moccasin skeleton (D:10)
  12 wights
  2 howler monkeys
  2 electric eels
  6 centaur zombies
  12 crimson imps
  A bullfrog zombie (D:10)
  3 hounds
  10 orc priests
  6 bullfrog skeletons
  20 orc wizards
  5 jellies
  2 iron imps (Abyss:2)
  4 iguanas
  9 worker ants
  6 hell rats
  A hound skeleton (D:8)
  A howler monkey zombie (D:7)
  4 gnolls (D:3)
  8 adders
  4 shadow imps
  4 white imps
  An ufetubus (Abyss:2)
  An adder skeleton (D:9)
  A worm (D:3)
  4 dart slugs
  5 leopard geckos
  63 orcs
  4 giant cockroaches
  3 goblins
  6 hobgoblins
  4 jackals
  2 quokkas
  6 bats
  4 frilled lizards
  A jackal skeleton (D:8)
  10 kobolds
  A quokka zombie (D:7)
  A rat (D:3)
  3 fungi
  17 plants
  3 starspawn tentacles (Abyss:2)
1153 creatures vanquished.

Vanquished Creatures (collateral kills)
  Bai Suzhen (Shoals:4)
  A merfolk javelineer (Shoals:4)
  A merfolk impaler (Shoals:3)
  A great orb of eyes (D:13)
  A hydra (D:14)
  A merfolk avatar (Shoals:3)
  An ogre mage (D:13)
  3 death yaks
  3 satyrs (Shoals:4)
  A deep elf knight (Elf:2)
  3 orb spiders
  7 wolf spiders
  A harpy (Shoals:4)
  5 manticores
  3 fauns
  3 ugly things
  A cyclops (Shoals:4)
  8 deep elf magi
  A moth of wrath (Spider:3)
  A vault sentinel (D:13)
  A merfolk siren (Shoals:3)
  3 elephants (Lair:6)
  A spriggan zombie (D:15)
  A gargoyle (D:15)
  2 komodo dragons
  2 polar bears (IceCv)
  3 merfolk
  2 tyrant leeches (Spider:2)
  A wind drake (Shoals:4)
  6 jumping spiders
  A slime creature (Lair:5)
  A hippogriff (Shoals:4)
  2 dream sheep
  A tarantella (shapeshifter) (D:12)
  9 redbacks
  2 air elementals (Elf:2)
  A wraith (Lair:5)
  A ynoxinul (Abyss:2)
  A basilisk (Lair:6)
  A water elemental (Elf:3)
  5 yaks
  A fire elemental (D:14)
  3 tarantellas
  A vampire mosquito (D:13)
  A spatial vortex (D:13)
  5 water moccasins
  An ice beast (D:12)
  An earth elemental (Elf:3)
  A crimson imp (D:14)
  A jelly (Lair:5)
  An adder (D:12)
  A shadow imp (D:13)
  3 orcs
  2 kobolds (D:12)
  A fungus (Lair:6)
  3 plants
120 creatures vanquished.

Vanquished Creatures (others)
  Asterion (Spider:1)
  An emperor scorpion (Spider:1)
  An orb spider (Spider:4)
  A large abomination (Abyss:3)
  A jumping spider (Spider:1)
  A yak (IceCv)
  A redback (Spider:3)
  3 wolves (IceCv)
  25 hexers
  4 ancestors
  A water moccasin skeleton (D:8)
  9 fungi (Lair:6)
  33 plants
  2 starspawn tentacles (Abyss:2)
  A withered plant (D:15)
85 creatures vanquished.

Grand Total: 1358 creatures vanquished

Notes
Turn   | Place    | Note
-------+----------+-------------------------------------------
     0 | D:1      | Illumine the Gnoll Fighter began the quest for the Orb.
     0 | D:1      | Reached XP level 1. HP: 23/23 MP: 1/1
   414 | D:1      | Reached XP level 2. HP: 26/29 MP: 2/2
   818 | D:2      | Reached XP level 3. HP: 33/35 MP: 3/3
  1046 | D:2      | Reached skill level 1 in Invocations
  1300 | D:2      | Found a runed translucent door.
  1301 | D:2      | Noticed Crazy Yiuf
  1432 | D:3      | Reached skill level 1 in Short Blades
  1432 | D:3      | Reached skill level 1 in Long Blades
  1432 | D:3      | Reached skill level 1 in Maces & Flails
  1432 | D:3      | Reached skill level 1 in Polearms
  1432 | D:3      | Reached skill level 1 in Staves
  1432 | D:3      | Reached skill level 1 in Slings
  1432 | D:3      | Reached skill level 1 in Bows
  1432 | D:3      | Reached skill level 1 in Crossbows
  1432 | D:3      | Reached skill level 1 in Throwing
  1432 | D:3      | Reached skill level 1 in Dodging
  1432 | D:3      | Reached skill level 1 in Stealth
  1432 | D:3      | Reached skill level 1 in Unarmed Combat
  1432 | D:3      | Reached skill level 1 in Spellcasting
  1432 | D:3      | Reached skill level 1 in Evocations
  1527 | D:3      | Reached XP level 4. HP: 41/41 MP: 5/5
  1702 | D:3      | Found a snail-covered altar of Cheibriados.
  1971 | D:3      | Reached skill level 1 in Conjurations
  1971 | D:3      | Reached skill level 1 in Hexes
  1971 | D:3      | Reached skill level 1 in Charms
  1971 | D:3      | Reached skill level 1 in Summonings
  1971 | D:3      | Reached skill level 1 in Necromancy
  1971 | D:3      | Reached skill level 1 in Translocations
  1971 | D:3      | Reached skill level 1 in Transmutations
  1971 | D:3      | Reached skill level 1 in Fire Magic
  1971 | D:3      | Reached skill level 1 in Ice Magic
  1971 | D:3      | Reached skill level 1 in Air Magic
  1971 | D:3      | Reached skill level 1 in Earth Magic
  1971 | D:3      | Reached skill level 1 in Poison Magic
  2061 | D:3      | Reached XP level 5. HP: 29/47 MP: 6/6
  2083 | D:3      | Became a worshipper of Cheibriados the Contemplative
  2337 | D:3      | Found a stormy altar of Qazlal.
  2440 | D:4      | Reached XP level 6. HP: 48/53 MP: 8/8
  2747 | D:4      | Reached skill level 5 in Axes
  2925 | D:5      | Entered Level 5 of the Dungeon
  3080 | D:5      | Noticed an ice beast
  3089 | D:5      | Killed an ice beast
  3089 | D:5      | Reached XP level 7. HP: 59/59 MP: 10/10
  3392 | D:5      | Reached * piety under Cheibriados
  3965 | D:6      | Reached XP level 8. HP: 61/67 MP: 12/12
  4147 | D:6      | Found a staircase to the Ecumenical Temple.
  4891 | D:7      | Noticed Harold
  4925 | D:7      | Killed Harold
  4925 | D:7      | Reached XP level 9. HP: 26/73 MP: 12/14
  5219 | D:7      | Reached ** piety under Cheibriados
  5372 | D:7      | Noticed Dowan
  5377 | D:7      | Killed Dowan
  5377 | D:7      | Noticed Duvessa
  5390 | D:7      | Killed Duvessa
  5759 | D:7      | Reached skill level 5 in Invocations
  5802 | D:8      | Reached *** piety under Cheibriados
  5822 | D:8      | Noticed a two-headed ogre
  5833 | D:8      | Killed a two-headed ogre
  5833 | D:8      | Reached XP level 10. HP: 77/78 MP: 13/17
  5852 | D:8      | Noticed a white ugly thing
  5867 | D:8      | HP: 3/78 [white ugly thing (22)]
  5873 | D:8      | Killed a white ugly thing
  5873 | D:8      | Reached skill level 5 in Short Blades
  5873 | D:8      | Reached skill level 5 in Long Blades
  5873 | D:8      | Reached skill level 5 in Maces & Flails
  5873 | D:8      | Reached skill level 5 in Polearms
  5873 | D:8      | Reached skill level 5 in Staves
  5873 | D:8      | Reached skill level 5 in Slings
  5873 | D:8      | Reached skill level 5 in Bows
  5873 | D:8      | Reached skill level 5 in Crossbows
  5873 | D:8      | Reached skill level 5 in Throwing
  5873 | D:8      | Reached skill level 5 in Dodging
  5873 | D:8      | Reached skill level 5 in Stealth
  5873 | D:8      | Reached skill level 5 in Unarmed Combat
  5873 | D:8      | Reached skill level 5 in Spellcasting
  5873 | D:8      | Reached skill level 5 in Evocations
  6276 | D:8      | Learned a level 2 spell: Blink
  6424 | D:8      | Noticed Grum
  6437 | D:8      | Killed Grum
  6559 | D:8      | Noticed Pikel
  6568 | D:8      | Killed Pikel
  6964 | D:9      | Found a staircase to the Orcish Mines.
  7071 | D:9      | Reached **** piety under Cheibriados
  7353 | D:9      | Reached XP level 11. HP: 63/87 MP: 17/19
  7622 | D:10     | Entered Level 10 of the Dungeon
  7622 | D:10     | Noticed a cyclops
  7633 | D:10     | Killed a cyclops
  7677 | D:10     | Found a shimmering blue altar of Sif Muna.
  7690 | D:10     | Got a distressingly furry leather armour
  7691 | D:10     | Identified the +1 leather armour of Makhleb's Condemnation
                  | {rF+} (You found it on level 10 of the Dungeon)
  7706 | D:10     | Learned a level 3 spell: Conjure Flame
  7710 | D:10     | Learned a level 3 spell: Mephitic Cloud
  7811 | D:10     | Noticed Joseph
  7823 | D:10     | Killed Joseph
  7994 | D:10     | Killed an unseen horror
  7994 | D:10     | Reached skill level 5 in Conjurations
  7994 | D:10     | Reached skill level 5 in Hexes
  7994 | D:10     | Reached skill level 5 in Charms
  7994 | D:10     | Reached skill level 5 in Summonings
  7994 | D:10     | Reached skill level 5 in Necromancy
  7994 | D:10     | Reached skill level 5 in Translocations
  7994 | D:10     | Reached skill level 5 in Transmutations
  7994 | D:10     | Reached skill level 5 in Fire Magic
  7994 | D:10     | Reached skill level 5 in Ice Magic
  7994 | D:10     | Reached skill level 5 in Air Magic
  7994 | D:10     | Reached skill level 5 in Earth Magic
  7994 | D:10     | Reached skill level 5 in Poison Magic
  8155 | D:11     | Found Ruapehag's Magic Scroll Shop.
  8241 | D:11     | Noticed a two-headed ogre
  8251 | D:11     | Killed a two-headed ogre
  8371 | D:11     | Noticed a manticore
  8379 | D:11     | Killed a manticore
  8564 | D:11     | Noticed a purple ugly thing
  8569 | D:11     | Killed a purple ugly thing
  8585 | D:11     | Learned a level 3 spell: Confuse
  8686 | D:11     | Found a staircase to the Lair.
  8759 | Orc:1    | Entered Level 1 of the Orcish Mines
  9077 | D:12     | Noticed a cyan ugly thing
  9097 | D:12     | Killed a cyan ugly thing
  9101 | D:12     | Reached ***** piety under Cheibriados
  9397 | Lair:1   | Entered Level 1 of the Lair of Beasts
  9433 | Lair:1   | Reached XP level 12. HP: 46/96 MP: 22/22
 10206 | Lair:1   | Noticed a seven-headed hydra
 10218 | Lair:1   | Killed a seven-headed hydra
 10485 | Lair:1   | Paralysed by a floating eye for 4 turns
 11443 | Lair:2   | Noticed a five-headed hydra
 11458 | Lair:2   | Killed a five-headed hydra
 11814 | Lair:2   | Noticed a six-headed hydra
 11835 | Lair:2   | Killed a six-headed hydra
 12237 | Lair:3   | Noticed Urug
 12256 | Lair:3   | Killed Urug
 12677 | Lair:3   | Reached skill level 10 in Fighting
 12677 | Lair:3   | Reached skill level 10 in Armour
 12677 | Lair:3   | Reached skill level 10 in Shields
 12934 | Lair:3   | Noticed an eight-headed hydra
 12940 | Lair:3   | Killed an eight-headed hydra
 13374 | Lair:4   | Reached XP level 13. HP: 97/103 MP: 24/24
 13926 | Lair:4   | Found a staircase to the Shoals.
 14334 | Lair:5   | Noticed Josephine
 14346 | Lair:5   | Noticed Snorg
 14357 | Lair:5   | Killed Snorg
 14874 | Orc:1    | Noticed Sonja
 15072 | Orc:1    | Killed Sonja
 15667 | Orc:2    | Entered Level 2 of the Orcish Mines
 15866 | Orc:2    | Found a staircase to the Elven Halls.
 15894 | Orc:2    | Found Ablucies's Distillery.
 16201 | Orc:2    | Found a roughly hewn altar of Beogh.
 16543 | Orc:2    | Found Vaoff's Antique Armour Shop.
 16543 | Orc:2    | Found Ydosem's Book Emporium.
 16545 | Orc:2    | Found Oschosm's Weapon Shop.
 16545 | Orc:2    | Found Lejuskuk's Book Emporium.
 16560 | Orc:2    | Bought the +8 broad axe of Lituihit {speed, rElec rN+
                  | Str+3} for 765 gold pieces
 16570 | Orc:2    | Fell from the grace of Cheibriados
 16737 | Temple   | Entered the Ecumenical Temple
 16790 | Temple   | Became a worshipper of Hepliaklqana the Forgotten
 16985 | D:12     | Noticed Nergalle
 17002 | D:12     | Killed Nergalle
 17166 | D:12     | Found a portal to a secret trove of treasure.
 17270 | D:12     | Noticed Rupert
 17670 | D:12     | Killed Rupert
 17670 | D:12     | Reached XP level 14. HP: 99/99 MP: 26/26
 18152 | D:13     | Reached skill level 10 in Axes
 18938 | D:13     | Was forgiven by Cheibriados
 19290 | D:13     | Found a gate to the Vaults.
 19294 | D:13     | Reached skill level 10 in Invocations
 19355 | D:13     | Paralysed by a hornet for 1 turns
 19367 | D:13     | Got an iridescent war axe
 19566 | D:13     | Reached * piety under Hepliaklqana
 19588 | D:13     | Identified the +10 war axe of Traps {freeze, *Noise Int+6}
                  | (You found it on level 13 of the Dungeon)
 19861 | Lair:2   | Learned a level 5 spell: Fireball
 19936 | Lair:5   | Killed Josephine
 20273 | Lair:5   | Found a staircase to the Slime Pits.
 20294 | Lair:5   | Reached ** piety under Hepliaklqana
 20295 | Lair:5   | Remembered your ancestor Numeria as a hexer
 20592 | Lair:6   | Entered Level 6 of the Lair of Beasts
 20601 | Lair:6   | Reached XP level 15. HP: 107/107 MP: 28/28
 21752 | Lair:6   | Learned a level 1 spell: Apportation
 21765 | Lair:6   | Reached skill level 10 in Short Blades
 21765 | Lair:6   | Reached skill level 10 in Long Blades
 21765 | Lair:6   | Reached skill level 10 in Maces & Flails
 21765 | Lair:6   | Reached skill level 10 in Polearms
 21765 | Lair:6   | Reached skill level 10 in Staves
 21765 | Lair:6   | Reached skill level 10 in Slings
 21765 | Lair:6   | Reached skill level 10 in Bows
 21765 | Lair:6   | Reached skill level 10 in Crossbows
 21765 | Lair:6   | Reached skill level 10 in Throwing
 21765 | Lair:6   | Reached skill level 10 in Dodging
 21765 | Lair:6   | Reached skill level 10 in Stealth
 21765 | Lair:6   | Reached skill level 10 in Unarmed Combat
 21765 | Lair:6   | Reached skill level 10 in Spellcasting
 21765 | Lair:6   | Reached skill level 10 in Evocations
 22719 | Lair:3   | Reached *** piety under Hepliaklqana
 22837 | Lair:3   | Found a runed translucent door.
 22842 | Lair:3   | Noticed Irhican's ghost (journeyman MiBe)
 22886 | Lair:3   | Killed Irhican's ghost
 22892 | Lair:3   | Got a slimy hand axe
 23004 | Lair:3   | Found a hole to the Spider Nest.
 23170 | Shoals:1 | Entered Level 1 of the Shoals
 23518 | Spider:1 | Entered Level 1 of the Spider Nest
 23924 | Spider:1 | Noticed Asterion
 23926 | Spider:1 | Noticed an emperor scorpion
 23969 | Spider:1 | Killed Asterion
 23969 | Spider:1 | Killed an emperor scorpion
 23969 | Spider:1 | Reached XP level 16. HP: 41/114 MP: 30/30
 25138 | Spider:2 | Found a runed translucent door.
 25139 | Spider:2 | Noticed reativica's ghost (journeyman CeHu)
 25151 | Spider:2 | Killed reativica's ghost
 25154 | Spider:2 | Got a smoking robe
 25155 | Spider:2 | Identified the cursed +0 robe "Wiastigh" {rElec Str+4} (You
                  | found it on level 2 of the Spider Nest)
 25631 | Spider:2 | Reached **** piety under Hepliaklqana
 26908 | Spider:4 | Entered Level 4 of the Spider Nest
 27118 | Spider:1 | Reached XP level 17. HP: 121/121 MP: 32/32
 27682 | Spider:4 | Identified Roxanne's Compendium of Transmutation
 27682 | Spider:4 | Noticed Roxanne
 27684 | Spider:4 | Got a crystal battleaxe
 29834 | Spider:4 | Got a gossamer rune of Zot
 30232 | Vaults:1 | Entered Level 1 of the Vaults
 30994 | D:14     | Noticed Louise
 31004 | D:14     | Killed Louise
 31027 | D:14     | Found a frozen archway.
 31048 | IceCv    | Entered an ice cave
 31763 | IceCv    | Reached skill level 10 in Conjurations
 31763 | IceCv    | Reached skill level 10 in Hexes
 31763 | IceCv    | Reached skill level 10 in Charms
 31763 | IceCv    | Reached skill level 10 in Summonings
 31763 | IceCv    | Reached skill level 10 in Necromancy
 31763 | IceCv    | Reached skill level 10 in Translocations
 31763 | IceCv    | Reached skill level 10 in Transmutations
 31763 | IceCv    | Reached skill level 10 in Fire Magic
 31763 | IceCv    | Reached skill level 10 in Ice Magic
 31763 | IceCv    | Reached skill level 10 in Air Magic
 31763 | IceCv    | Reached skill level 10 in Earth Magic
 31763 | IceCv    | Reached skill level 10 in Poison Magic
 31850 | IceCv    | Identified the +3 battleaxe of Mayhem {chop, +Rage rElec
                  | Int+2 SInv} (You found it on level 4 of the Spider Nest)
 31892 | IceCv    | Reached XP level 18. HP: 69/128 MP: 33/33
 32197 | IceCv    | Identified Sif Muna's Catalogue of Ice
 32440 | D:14     | Noticed Azrael
 32454 | D:14     | Killed Azrael
 33045 | D:14     | Reached ***** piety under Hepliaklqana
 33247 | D:14     | Found a glowing golden altar of the Shining One.
 33606 | D:15     | Entered Level 15 of the Dungeon
 34022 | D:15     | Identified the cursed +1 robe of Shielding {rC++ MP+9}
 34055 | D:15     | Found a gate leading to a gauntlet.
 34420 | D:15     | Found a staircase to the Depths.
 35479 | Vaults:1 | Identified Raugauku's Disquisition on Scorching Protection
 37758 | Shoals:4 | Entered Level 4 of the Shoals
 38409 | Shoals:4 | Reached XP level 19. HP: 66/135 MP: 35/35
 39434 | Shoals:4 | Noticed Bai Suzhen
 39460 | Shoals:4 | Killed Bai Suzhen
 39663 | Shoals:4 | Got a barnacled rune of Zot
 39948 | Elf:1    | Entered Level 1 of the Elven Halls
 39972 | Elf:1    | Found a radiant altar of Vehumet.
 40160 | Elf:1    | Cast into level 2 of the Abyss (a wizard)
 40163 | Abyss:2  | Found a corrupted altar of Lugonu.
 40332 | Abyss:2  | Gained mutation: You are occasionally teleported next to
                  | monsters. [a neqoxec]
 40383 | Abyss:2  | Gained mutation: You are dopey. (Int -2) [a neqoxec]
 40406 | Abyss:2  | Gained mutation: You expend magic power (3 MP) to
                  | strengthen your wands. [a neqoxec]
 40642 | Elf:1    | Escaped the Abyss
 41410 | Elf:2    | Noticed Aizul
 41806 | Elf:2    | Reached ****** piety under Hepliaklqana
 41822 | Elf:2    | Killed Aizul
 41999 | Elf:2    | Reached XP level 20. HP: 127/143 MP: 36/36
 42080 | Elf:2    | Found a runed translucent gate.
 42080 | Elf:2    | Found a runed translucent gate.
 42081 | Elf:2    | Found a runed translucent gate.
 42715 | Elf:3    | Entered Level 3 of the Elven Halls
 43081 | Elf:3    | Lost mutation: You expend magic power (3 MP) to strengthen
                  | your wands. [potion of mutation]
 43081 | Elf:3    | Gained mutation: You are agile. (Dex +2) [potion of
                  | mutation]
 43081 | Elf:3    | Gained mutation: You have a pair of small antennae on your
                  | head. [potion of mutation]
 43082 | Elf:3    | Lost mutation: You are dopey. (Int -2) [potion of mutation]
 43082 | Elf:3    | Lost mutation: You are agile. (Dex +2) [potion of mutation]
 43082 | Elf:3    | Gained mutation: You have large cloven feet. [potion of
                  | mutation]
 43082 | Elf:3    | Gained mutation: Your muscles are strong. (Str +2) [potion
                  | of mutation]
 43267 | Elf:3    | Identified the ring "Juver" {MR+ SInv}
 43636 | Elf:3    | Noticed a Brimstone Fiend
 43636 | Elf:3    | Cast into level 2 of the Abyss (a deep elf sorcerer)
 43989 | Abyss:2  | Gained mutation: Your magical capacity is low. (-10% MP) [a
                  | neqoxec]
 44210 | Abyss:3  | Killed from afar by a hellion

Levels and vault maps discovered:
D:1:      dpeg_arrival_rhombi, layout_loops_corners,
          chequers_serial_rivers_small_b
D:2:      cheibrodos_helix_gallery, layout_basic, first_ration,
          minmay_misc_feat_columns, minmay_misc_feat_encased, minivault_11,
          minmay_diced_spiral, uniq_crazy_yiuf_cottage
D:3:      layout_loops_corners, old_standard_altar,
          nicolae_qazlal_eye_of_the_storm
D:4:      layout_loops_ring, st_stairs_2, minmay_door_square
D:5:      layout_loops_corners
D:6:      layout_basic, minmay_temple_entry_stoned_glass,
          chequers_decorated_corner, minmay_statues_item
D:7:      layout_rooms, uniq_harold, uniq_duvessa
D:8:      layout_loops_ring, grunt_pizzeria, uniq_grum, uniq_pikel
D:9:      layout_gridville, david_orc_2
D:10:     layout_basic, basic_altar, minmay_sticks_and_stones, uniq_joseph
D:11:     layout_long_grid, dpeg_oklobed_lair, kennysheep_windowed_goal
D:12:     layout_cave_pools, serial_glass, glass_columns_a, glass_columns_a,
          enter_trove_6, drop_trap, uniq_rupert, uniq_nergalle
D:13:     layout_cave_pods, hangedman_vaults_entry_quadrant_bands
D:14:     layout_layer_cave, hangedman_decor_slide_cut,
          portal_ice_cave_entry_ice_beasts, nicolae_tso_carved_into_rock,
          uniq_louise, uniq_azrael
D:15:     gammafunk_depths_entry_grave, layout_cave_pools,
          gauntlet_entry_generic, nrook_uturn, minmay_alternating_orb
Temple:   compressed_dpeg_triangle_lava_temple
Lair:1:   layout_regular_city, disabler_island
Lair:2:   layout_cave_shapes, grunt_megastairs_4, serial_bayou_shore_b,
          infiniplex_staircase_pool
Lair:3:   layout_loops_ring, spider_nest_entry_funnel_web,
          ebering_ghost_inner_flame, grunt_megastairs_1, uniq_urug
Lair:4:   layout_cave_shapes, minmay_shoals_entry_beasts, st_stairs_4
Lair:5:   beast_lair_carwin_large_1, layout_gridlike,
          minmay_slime_entry_pillars, lemuel_fruit_tree, uniq_snorg,
          uniq_josephine
Lair:6:   grunt_lair_end_beastmaster, layout_small_grid, bobbens_ice_dragon_lair
Shoals:1: layout_shoals, ldierk_geyser
Shoals:2: layout_shoals, nicolae_island_escapes
Shoals:3: layout_shoals, ebering_ghost_xom, hangedman_shoal_volcano
Shoals:4: shoals_end_grunt_garden, layout_shoals, uniq_bai_suzhen
Spider:1: layout_spider_delve, uniq_asterion
Spider:2: layout_spider_delve, gammafunk_ghost_grave, worms_lemuel
Spider:3: layout_spider_delve
Spider:4: grunt_spider_rune_circles, uniq_mara, uniq_roxanne
Orc:1:    layout_caves, uniq_sonja
Orc:2:    grunt_orc_tribal_feast, layout_caves, serial_shops,
          nicolae_shop_temple_entry_statues_fountains, basic_altar
Elf:1:    eino_elf_arrival_altar, layout_geoelf_octagon, hangedman_elf_disciples
Elf:2:    layout_onion_city, uniq_aizul
Elf:3:    minmay_elf_hall, layout_loops_ring, minmay_misc_feat_rows
Vaults:1: hangedman_vaults_trim, vaults_mumra_hex, grunt_vaults_diagonal,
          nicolae_vaults_what_the_h, v_alt_pattern_3, v_misc_31,
          nicolae_vaults_shelves_hall, nicolae_vaults_quadrants, v_misc_22,
          v_misc_17, hangedman_vaults_impose, vaults_room_semicircle,
          vaults_room_pools, layout_vaults_ring, serial_shops, shop
Abyss:3:  nicolae_abyss_rune_star_stuff

Skill      XL: |  1  2  3  4  5  6  7  8  9 10 11 12 13 14 15 16 17 18 19 20 |
---------------+-------------------------------------------------------------+-----
Invocations    | 1 2 3 4 5 6 7 8 9 10 11 12 13 14 | 14.2
Short Blades   | 1 2 3 4 5 6 7 8 9 10 11 12 13 | 13.2
Long Blades    | 1 2 3 4 5 6 7 8 9 10 11 12 13 | 13.2
Maces & Flails | 1 2 3 4 5 6 7 8 9 10 11 12 13 | 13.2
Polearms       | 1 2 3 4 5 6 7 8 9 10 11 12 13 | 13.2
Staves         | 1 2 3 4 5 6 7 8 9 10 11 12 13 | 13.2
Slings         | 1 2 3 4 5 6 7 8 9 10 11 12 13 | 13.2
Bows           | 1 2 3 4 5 6 7 8 9 10 11 12 13 | 13.2
Crossbows      | 1 2 3 4 5 6 7 8 9 10 11 12 13 | 13.2
Throwing       | 1 2 3 4 5 6 7 8 9 10 11 12 13 | 13.2
Dodging        | 1 2 3 4 5 6 7 8 9 10 11 12 13 | 13.2
Stealth        | 1 2 3 4 5 6 7 8 9 10 11 12 13 | 13.2
Unarmed Combat | 1 2 3 4 5 6 7 8 9 10 11 12 13 | 13.2
Spellcasting   | 1 2 3 4 5 6 7 8 9 10 11 12 13 | 13.2
Evocations     | 1 2 3 4 5 6 7 8 9 10 11 12 13 | 13.2
Conjurations   | 1 2 3 4 5 6 7 8 9 10 11 | 11.3
Hexes          | 1 2 3 4 5 6 7 8 9 10 11 | 11.3
Charms         | 1 2 3 4 5 6 7 8 9 10 11 | 11.3
Summonings     | 1 2 3 4 5 6 7 8 9 10 11 | 11.3
Necromancy     | 1 2 3 4 5 6 7 8 9 10 11 | 11.3
Translocations | 1 2 3 4 5 6 7 8 9 10 11 | 11.3
Transmutations | 1 2 3 4 5 6 7 8 9 10 11 | 11.3
Fire Magic     | 1 2 3 4 5 6 7 8 9 10 11 | 11.3
Ice Magic      | 1 2 3 4 5 6 7 8 9 10 11 | 11.3
Air Magic      | 1 2 3 4 5 6 7 8 9 10 11 | 11.3
Earth Magic    | 1 2 3 4 5 6 7 8 9 10 11 | 11.3
Poison Magic   | 1 2 3 4 5 6 7 8 9 10 11 | 11.3
Axes           | 5 6 7 8 9 10 11 12 13 | 13.8
Fighting       | 7 8 9 10 11 12 13 14 | 14.4
Armour         | 7 8 9 10 11 12 13 14 | 14.4
Shields        | 7 8 9 10 11 12 13 14 | 14.4

Action                   |  1- 3 |  4- 6 |  7- 9 | 10-12 | 13-15 | 16-18 | 19-21 || total
-------------------------+-------+-------+-------+-------+-------+-------+-------++-------
Melee: War axe           |    73 |   125 |   226 |   342 |   209 |       |       ||   975
       Bite              |     7 |    16 |    31 |   171 |   216 |   257 |   127 ||   825
       Spear             |       |       |       |   292 |    31 |       |       ||   323
       Broad axe         |       |       |       |       |   699 |  1267 |   711 ||  2677
       Demon whip        |       |       |       |       |       |     4 |       ||     4
Throw: Boomerang         |       |       |    39 |   122 |   127 |   418 |   116 ||   822
       Throwing net      |       |       |       |     2 |       |     1 |       ||     3
       Dart              |       |       |       |    11 |    30 |       |       ||    41
       Javelin           |       |       |       |     6 |     2 |       |       ||     8
 Cast: Confuse           |       |       |       |     1 |     1 |     3 |       ||     5
       Mephitic Cloud    |       |       |       |     1 |       |     2 |       ||     3
       Fireball          |       |       |       |       |       |     6 |    12 ||    18
       Apportation       |       |       |       |       |       |     1 |     1 ||     2
       Conjure Flame     |       |       |       |       |       |       |     1 ||     1
Invok: Bend Time         |       |       |     2 |     5 |       |       |       ||     7
       Slouch            |       |       |       |     4 |     2 |       |       ||     6
       Renounce Religion |       |       |       |       |     1 |       |       ||     1
       Ancestor Life: He |       |       |       |       |     1 |       |       ||     1
       Recall Ancestor   |       |       |       |       |     2 |     3 |     3 ||     8
       Idealise          |       |       |       |       |       |     1 |       ||     1
Evoke: Wand              |       |       |       |    16 |     4 |       |     3 ||    23
  Use: Potion            |       |       |     2 |     2 |    14 |    13 |     8 ||    39
       Scroll            |       |       |    13 |     9 |     8 |    12 |    16 ||    58
 Stab: Sleeping          |       |       |       |     7 |    12 |     7 |    14 ||    40
       Distracted        |       |       |       |       |    17 |    25 |    13 ||    55
       Paralysed         |       |       |       |       |    16 |    41 |    14 ||    71
       Confused          |       |       |       |       |     6 |    27 |    28 ||    61
       Invisible         |       |       |       |       |     6 |    17 |       ||    23
       Petrified         |       |       |       |       |     6 |       |       ||     6
  Eat: Ration            |     1 |     1 |     1 |     1 |     7 |     7 |     3 ||    21
       Chunk             |       |       |     3 |     9 |    11 |    21 |    11 ||    55
Armor: Scale mail        |    13 |       |       |    38 |   116 |       |       ||   167
       Chain mail        |     7 |    57 |    76 |    67 |       |   253 |    14 ||   474
       Plate armour      |       |       |    27 |       |       |       |       ||    27
       Leather armour    |       |       |       |    46 |       |       |       ||    46
       Troll leather arm |       |       |       |       |    67 |    69 |       ||   136
       Robe              |       |       |       |       |       |     1 |       ||     1
       Skin              |       |       |       |       |       |     7 |       ||     7
       Ice dragon scales |       |       |       |       |       |       |    53 ||    53
Dodge: Dodged            |    20 |    12 |    58 |   320 |   470 |   817 |   239 ||  1936
Block: Shield            |    44 |    33 |    92 |   460 |   593 |   957 |   338 ||  2517
       Large shield      |       |    56 |    92 |       |       |       |       ||   148
